 Dungeon Crawl Stone Soup version 0.31-a0-844-gdc52ec4e09 (webtiles) character file.

Game seed: 1057791101689000452

3847 pop123321pop the Severer (level 9, 0/70 HPs)
             Began as a Minotaur Berserker on Oct 1, 2023.
             Was a Priest of Trog.
             Slain by a gnoll sergeant
             ... wielding a +0 spear
              (11 damage)
             ... on level 7 of the Dungeon.
             The game lasted 00:08:39 (6631 turns).

pop123321pop the Severer (Minotaur Berserker)       Turns: 6631, Time: 00:08:40

Health: 0/70       AC: 15    Str: 22    XL:     9   Next: 98%
Magic:  8/8        EV: 12    Int:  4    God:    Trog [***...]
Gold:   325        SH:  0    Dex: 14    Spells: 8/8 levels left

rFire   . . .        w - +2 battleaxe
rCold   . . .        (shield currently unavailable)
rNeg    . . .        d - +0 plate armour
rPois   .            (helmet restricted)
rElec   .            s - +2 cloak {Stlth+}
rCorr   .            p - +0 pair of gloves
SInv    .            (no boots)
Will    +++..        (no amulet) Stlth
                     e - +5 ring of evasion
HPRegen 1.31/turn    b - ring of willpower
MPRegen 0.11/turn

%: no passive effects
@: lethally poisoned (0 -> -4), strong-willed, on berserk cooldown,
regenerating, slowed, very slow
A: horns 2, retaliatory headbutt
a: Renounce Religion, Berserk, Trog's Hand


You were on level 7 of the Dungeon.
You worshipped Trog.
Trog was most pleased with you.
You visited 1 branch of the dungeon, and saw 7 of its levels.

You collected 325 gold pieces.

Inventory:

Hand Weapons
 w - a +2 battleaxe (weapon)
Armour
 d - a +0 plate armour (worn)
 p - a +0 pair of gloves (worn)
 s - a +2 cloak of stealth (worn)
Jewellery
 b - a ring of willpower (right hand)
 e - a +5 ring of evasion (left hand)
Wands
 c - a wand of mindburst (23)
 h - a wand of flame (16)
 n - a wand of charming (21)
Scrolls
 a - a scroll of enchant armour
 f - a scroll of noise
 g - 2 scrolls of immolation
 m - 2 scrolls of poison
 o - a scroll of blinking
 q - a scroll of enchant weapon
 t - a scroll of teleportation
 u - a scroll of revelation
Potions
 j - 2 potions of cancellation
 l - a potion of degeneration {unknown}
 r - 2 potions of curing
 v - a potion of brilliance {unknown}


   Skills:
 - Level 3.6 Fighting
 + Level 17.0 Axes
 - Level 2.4 Armour
 - Level 2.1 Dodging


You had 8 spell levels left.
You didn't know any spells.
Your spell library was empty.

Dungeon Overview and Level Annotations

Branches:
Dungeon (7/15)             Temple (0/1) D:5

Altars:
Ashenzari
Elyvilon
Fedhas
Gozag
Hepliaklqana
Kikubaaqudgha
Makhleb
Qazlal

Shops:
D:6 [

Annotations:
D:4 2 transporters
D:7 1 transporter, Joey1's ghost, novice MiBe


Innate Abilities, Weirdness & Mutations

You have a pair of horns on your head.
You reflexively headbutt those who attack you in melee.


Message History

The gnoll barely misses you. You furiously retaliate!
You headbutt the gnoll, but do no damage.
You barely miss the gnoll.
You feel very sick.
The gnoll sergeant hits you but does no damage.
The gnoll hits you with a +0 spear of venom.
* * * LOW HITPOINT WARNING * * *
You are more poisoned.
You hit the gnoll.
The gnoll is lightly wounded.
You feel very sick. The gnoll sergeant barely misses you.
The gnoll sergeant hits you but does no damage.
The gnoll hits you but does no damage.
You are more poisoned.
The gnoll sergeant hits you but does no damage. x2
The gnoll closely misses you.
You feel much better.
You feel very sick. The gnoll sergeant barely misses you.
The gnoll sergeant hits you from afar with a +0 trident.
The gnoll hits you but does no damage.
You are more poisoned.
The gnoll sergeant hits you from afar with a +2 trident of venom.
You slice the gnoll!!
You kill the gnoll!
Trog accepts your kill.
You feel extremely sick. The gnoll sergeant closely misses you.
The gnoll sergeant hits you from afar with a +0 trident!
* * * LOW HITPOINT WARNING * * *
The gnoll sergeant closely misses you.
You feel very sick. The gnoll sergeant closely misses you.
You furiously retaliate!
You headbutt the gnoll sergeant, but do no damage.
The gnoll sergeant barely misses you. You furiously retaliate!
You headbutt the gnoll sergeant. The gnoll barely misses you.
The gnoll sergeant misses you.
The gnoll sergeant hits you with a +0 spear!
You die...

#..≈≈≈≈≈≈≈≈≈≈≈...≈≈≈≈≈≈≈≈≈≈≈....
#..≈≈≈≈≈≈≈≈≈≈≈...≈≈≈≈≈≈≈≈≈≈≈.##.
#..≈≈#####...........#####≈≈....
#..≈≈#g8.#.###.©.###.#.8.#≈≈..##
#..≈≈#...###g#####.###...#≈≈.###
#..≈≈###...............###≈≈.###
#..≈≈.8#.######g######.#8.≈≈...#
#..≈≈.##.#.⌠.#).8#Wg$#.##.≈≈.#.#
#..~~.#..'.....@)#g..'..#.~~.#.#
#..≈≈.##.#.⌠.#gg8#...#.##.≈≈.#.#
#..≈≈.8#.######g######.#8.≈≈.#.#
#..≈≈###.!....(........###≈≈.#.#
#..≈≈#...###.#####W###..g#≈≈.>..
#..≈≈#.8.#.###.©.###.#.8.#≈≈.###
#..≈≈#####...........#####≈≈.# #
#..≈≈≈≈≈≈≈≈≈≈≈≈~≈≈≈≈≈≈≈≈≈≈≈≈.###
#..≈≈≈≈≈≈≈≈≈≈≈≈~≈≈≈≈≈≈≈≈≈≈≈≈....


You could see 3 gnoll sergeants and a gnoll.

Vanquished Creatures
  Pikel (D:7)
  A manticore (D:7)
  The ghost of beavisfan the Shooter, a novice DsHu (D:5)
  Prince Ribbit (D:7)
  A wyvern (D:7)
  Menkaure (D:5)
  An ice beast (D:7)
  An orc warrior (D:6)
  Duvessa (D:7)
  3 sky beasts
  An ogre (D:6)
  2 lemures (D:7)
  A phantom (D:5)
  A bullfrog (D:7)
  Blork the orc (D:6)
  2 scorpions (D:4)
  A wight (D:7)
  A wyvern skeleton (D:5)
  Dowan (D:7)
  6 killer bees
  2 howler monkeys (D:7)
  A hound (D:7)
  2 jellies
  4 orc priests
  A bullfrog skeleton (D:5)
  A gnoll bouda (D:7)
  A sleepcap (D:7)
  4 orc wizards
  Crazy Yiuf (D:5)
  Terence (D:2)
  5 iguanas
  Robin (D:2)
  8 gnolls
  4 adders
  A shadow imp (D:4)
  2 white imps
  2 ufetubi (D:6)
  5 worms
  A dart slug (D:4)
  22 orcs
  2 endoplasms
  4 giant cockroaches
  13 goblins
  4 hobgoblins
  6 kobolds
  3 quokkas
  5 ball pythons
  2 bats
  3 frilled lizards (D:1)
  A rat (D:2)
141 creatures vanquished.

Vanquished Creatures (others)
  A human (D:7)
1 creature vanquished.

Grand Total: 142 creatures vanquished

Notes
Turn   | Place    | Note
-------+----------+-------------------------------------------
     0 | D:1      | pop123321pop the Minotaur Berserker began the quest for the
                  | Orb.
     0 | D:1      | Reached XP level 1. HP: 19/19 MP: 0/0
    51 | D:1      | Reached skill level 4 in Axes
   118 | D:1      | Reached XP level 2. HP: 19/26 MP: 1/1
   522 | D:1      | Reached skill level 5 in Axes
   858 | D:2      | Reached XP level 3. HP: 29/31 MP: 2/2
  1117 | D:2      | Noticed Terence
  1121 | D:2      | Killed Terence
  1122 | D:2      | Reached skill level 6 in Axes
  1122 | D:2      | Reached XP level 4. HP: 39/39 MP: 3/3
  1137 | D:2      | Reached ** piety under Trog
  1162 | D:2      | Found a faded altar of an unknown god.
  1192 | D:2      | Noticed Robin
  1195 | D:2      | Killed Robin
  1348 | D:2      | Found a hazy altar of Hepliaklqana.
  1677 | D:3      | Reached skill level 7 in Axes
  1677 | D:3      | Reached XP level 5. HP: 37/45 MP: 4/4
  1949 | D:4      | Reached skill level 8 in Axes
  2067 | D:4      | Reached XP level 6. HP: 51/51 MP: 5/5
  2178 | D:4      | Found an opulent altar of Gozag.
  2387 | D:4      | Noticed a steam dragon
  2401 | D:4      | Reached skill level 9 in Axes
  2436 | D:4      | Found a stormy altar of Qazlal.
  2441 | D:4      | Noticed an orc warrior
  2442 | D:4      | Found a transporter.
  2447 | D:4      | Noticed a steam dragon
  2452 | D:4      | Found a transporter.
  2524 | D:4      | Found a white marble altar of Elyvilon.
  2534 | D:4      | Reached *** piety under Trog
  2733 | D:4      | Found a blossoming altar of Fedhas.
  2925 | D:5      | Entered Level 5 of the Dungeon
  3213 | D:5      | Found a broken altar of Ashenzari.
  3243 | D:5      | Reached XP level 7. HP: 57/57 MP: 6/6
  3355 | D:5      | Found a runed translucent gate.
  3355 | D:5      | Found a runed translucent gate.
  3355 | D:5      | Found a runed translucent gate.
  3355 | D:5      | Noticed beavisfan's ghost (novice DsHu)
  3385 | D:5      | Found a runed translucent door.
  3386 | D:5      | Noticed Crazy Yiuf
  3403 | D:5      | Found a staircase to the Ecumenical Temple.
  3459 | D:5      | Noticed Menkaure
  3467 | D:5      | Killed Menkaure
  3468 | D:5      | Reached skill level 10 in Axes
  4121 | D:5      | Killed beavisfan's ghost
  4122 | D:5      | Reached skill level 11 in Axes
  4122 | D:5      | Reached XP level 8. HP: 64/64 MP: 7/7
  4182 | D:5      | Killed Crazy Yiuf
  4324 | D:6      | Noticed Blork the orc
  4332 | D:6      | Killed Blork the orc
  4337 | D:6      | Reached skill level 12 in Axes
  4484 | D:6      | Found Vyon's Antique Armour Shop.
  4765 | D:6      | Reached skill level 13 in Axes
  4806 | D:6      | Reached skill level 14 in Axes
  4973 | D:7      | Noticed Prince Ribbit
  4977 | D:7      | Noticed Pikel
  4993 | D:7      | Killed Prince Ribbit
  4994 | D:7      | Reached XP level 9. HP: 52/70 MP: 8/8
  5206 | D:7      | Identified the +5 rapier of the Wheel {freeze, Fly rF+ rC+}
  5286 | D:7      | Found a burning altar of Makhleb.
  5288 | D:7      | Noticed Dowan
  5290 | D:7      | Noticed Duvessa
  5301 | D:7      | Killed Dowan
  5400 | D:7      | Found a transporter.
  5443 | D:7      | Found a transporter.
  5453 | D:7      | Noticed Joey1's ghost (novice MiBe)
  5453 | D:7      | Identified the ring "Meupnese" {rC- rN+ Dex+6}
  5517 | D:7      | Reached skill level 15 in Axes
  5521 | D:7      | Killed Pikel
  5635 | D:7      | Noticed a manticore
  5649 | D:7      | Killed a manticore
  5650 | D:7      | Reached skill level 16 in Axes
  6050 | D:7      | Killed Duvessa
  6283 | D:7      | Found an ancient bone altar of Kikubaaqudgha.
  6616 | D:7      | Reached skill level 17 in Axes
  6631 | D:7      | Slain by a gnoll sergeant

Illustrated notes

Levels and vault maps discovered:
D:1:      scummos_arrival_checkerplants, layout_basic
D:2:      layout_rooms, basic_altar, shapermc_ecumenical_altar_ellora,
          uniq_terence, uniq_robin
D:3:      layout_basic
D:4:      layout_loops_corners, kennysheep_little_box,
          gammafunk_temple_overflow_arena, mainiacjoe_overflow_big_doors
D:5:      layout_basic, mainiacjoe_overflow_boulevard,
          minmay_temple_entry_drinking_statues, gammafunk_ghost_necromancy,
          uniq_menkaure, uniq_crazy_yiuf_cottage
D:6:      layout_loops_ring, serial_shops, nicolae_shop_crystal,
          uniq_blork_the_orc
D:7:      cheibrodos_barr_body, layout_rooms, tgw_kikubaaqudgha,
          mainiacjoe_overflow_cross_hatched, gammafunk_ghost_gnarly_gnolls,
          uniq_pikel, uniq_prince_ribbit1, uniq_duvessa

Skill      XL: |  1  2  3  4  5  6  7  8  9 |
---------------+----------------------------+-----
Axes           | 4 5 6 7 8 9 11 14 17 | 17.0
Fighting       | |  3.6
Armour         | |  2.4
Dodging        | |  2.1

Action                     |  1- 3 |  4- 6 |  7- 9 || total
---------------------------+-------+-------+-------++-------
  Melee: Hand axe          |    42 |       |       ||    42
         Headbutt          |     8 |    14 |    19 ||    41
         Battleaxe         |     1 |    90 |   147 ||   238
 Invoke: Berserk           |     2 |     1 |     9 ||    12
         Trog's Hand       |       |       |     1 ||     1
    Use: Potion            |     1 |       |     2 ||     3
         Scroll            |       |       |    10 ||    10
   Stab: Sleeping          |     1 |       |     1 ||     2
 Armour: Animal skin       |    18 |     8 |       ||    26
         Ring mail         |       |    23 |    79 ||   102
         Plate armour      |       |       |    49 ||    49
  Dodge: Dodged            |    36 |    86 |   161 ||   283

Table legend: (Time is in decaauts)
 A = Elapsed time spent in this place.
 B = Non-inter-level travel time spent in this place.
 C = Inter-level travel time spent in this place.
 D = Time resting spent in this place.
 E = Time spent auto-exploring this place.
 F = Levels seen in this place.
 G = Mean time per level.
                   A        B        C        D        E       F      G
               +--------+--------+--------+--------+--------+-----+--------+
         Total |   6780 |   6482 |    298 |   1429 |   4023 |   7 |  968.6 |
       Dungeon |   6780 |   6482 |    298 |   1429 |   4023 |   7 |  968.6 |
               +--------+--------+--------+--------+--------+-----+--------+

Top non-repeatable levels by time:
     D:7: 1390 daAuts
     D:5: 1377 daAuts
     D:6: 1031 daAuts
     D:4: 970 daAuts
     D:1: 862 daAuts
     D:2: 685 daAuts
     D:3: 462 daAuts
